 Dungeon Crawl Stone Soup version 0.29.0-4-gdea44cf6ec (webtiles) character file.

Game seed: 10766906624417305040

6771 qw the Severer (level 10, -1/92 HPs)
             Began as a Minotaur Berserker on Sept 10, 2022.
             Was a Priest of Trog.
             Slain by a yak (6 damage)
             ... on level 10 of the Dungeon.
             The game lasted 00:02:41 (9754 turns).

qw the Severer (Minotaur Berserker)                 Turns: 9754, Time: 00:02:41

Health: -1/92      AC: 13    Str: 26    XL:     10   Next: 76%
Magic:  0/9        EV:  9    Int:  4    God:    Trog [***...]
Gold:   515        SH:  5    Dex: 10    Spells: 9/9 levels left

rFire   . . .      SeeInvis +   Y - +0 broad axe
rCold   + . .      Faith    .   f - +0 buckler
rNeg    . . .      Spirit   +   m - +2 chain mail {rPois}
rPois   +          Reflect  .   (helmet restricted)
rElec   .          Harm     .   (no cloak)
rCorr   .          Rampage  .   e - +0 pair of gloves of Liberalism {rC+ Stlth+}
Will    .....      Rnd*Tele +   (no boots)
Stlth   ..........              j - amulet of guardian spirit
HPRegen 0.25/turn               d - ring of see invisible
MPRegen 0.11/turn               (no ring)

@: about to teleport, on berserk cooldown, slowed, very slow
A: horns 2, retaliatory headbutt, teleportitis 1
a: Renounce Religion, Berserk, Trog's Hand


You were on level 10 of the Dungeon.
You worshipped Trog.
Trog was most pleased with you.
You visited 1 branch of the dungeon, and saw 10 of its levels.

You collected 599 gold pieces.
You spent 84 gold pieces at shops.


Innate Abilities, Weirdness & Mutations

You have a pair of horns on your head.
You reflexively headbutt those who attack you in melee.
You are occasionally teleported next to monsters.


   Skills:
 - Level 9.6 Fighting
 + Level 15.0 Axes
 - Level 1.3 Throwing
 - Level 6.0 Armour
 - Level 4.9 Dodging
 - Level 5.2 Shields


You had 9 spell levels left.
You didn't know any spells.
Your spell library was empty.

Inventory:

Hand Weapons
 b - a +0 morningstar
 Y - a +0 broad axe (weapon)
Missiles
 n - 4 boomerangs (quivered)
Armour
 e - the +0 pair of gloves of Liberalism (worn) {rC+ Stlth+}
   (You acquired it on level 5 of the Dungeon)

   rC:        It protects you from cold.
   Stlth:     It makes you more stealthy.
 f - a +0 buckler (worn)
 g - a +0 plate armour
 m - a +2 chain mail of poison resistance (worn)
Jewellery
 d - a ring of see invisible (left hand)
 j - an amulet of guardian spirit (around neck)
Scrolls
 q - 2 scrolls of identify
Potions
 a - 4 potions of curing
 k - 2 potions of might
 p - 2 potions of cancellation

Dungeon Overview and Level Annotations

Branches:
Dungeon (10/15)            Temple (0/1) D:7
   Lair: D:8-11         Orc: D:9-12

Altars:
Ashenzari
Makhleb
Zin
The Shining One

Shops:
D:3 (

Annotations:
D:2 1 runed translucent door, Crazy Yiuf
D:9 2 transporters


Message History

You slice the orc!!
You kill the orc!
Trog accepts your kill.
A yak comes into view.
Found 22 gold pieces.
You are no longer berserk.
You are exhausted.
You feel yourself slow down.
The yak bellows!
The yak closely misses you. The yak barely misses you. You furiously retaliate!
You headbutt the yak!
A yak comes into view.
The yak bellows!
You slash the yak!
The yak is severely wounded.
You barely miss the yak. The yak gores you but does no damage.
The yak gores you!
You closely miss the yak.
The yak is severely wounded.
You slice the yak!! The yak gores you. x2
You closely miss the yak.
The yak is severely wounded.
You slash the yak! The yak gores you. The yak gores you but does no damage.
The yak barely misses you. The yak gores you. The yak closely misses you.
9753 ||| READING scroll of teleportation.
As you read the scroll of teleportation, it crumbles to dust.
You feel strangely unstable. The yak gores you but does no damage.
The yak barely misses you. The yak gores you.
You barely miss the yak.
The yak is almost dead.
You slash the yak! You hit the yak. x2
The yak barely misses you. You furiously retaliate!
You headbutt the yak!
You kill the yak!
Trog accepts your kill. The yak closely misses you. You block the yak's attack.
The yak gores you! You block the yak's attack. The yak gores you!
You die...

.. #..$.......
..###...........
................
...............#
.../...........#
#.............#
#.##..YY......##
.....$Y@)).....#
.###..Y).).....#
#...%.%.....#
#......<....#
#............#
....#............
...##.......##...
..#.....###### ..
.####.... .


You could see 4 yaks.

Vanquished Creatures
  A two-headed ogre (D:9)
  A manticore (D:8)
  A gargoyle (D:10)
  A kobold demonologist (D:9)
  A troll (D:10)
  10 yaks
  A wyvern (D:8)
  2 steam dragons (D:9)
  A water moccasin (D:4)
  An orc warrior (D:7)
  3 black bears
  2 ice beasts
  2 centaurs
  2 phantoms
  A kobold brigand (D:7)
  7 bullfrogs
  A gnoll sergeant (D:8)
  3 scorpions
  A necrophage (D:4)
  7 wights
  6 killer bees (D:10)
  5 howler monkeys
  A jelly (D:7)
  2 orc priests
  5 hounds
  A gnoll bouda (D:8)
  6 iguanas
  3 orc wizards
  10 gnolls
  7 adders
  2 shadow imps (D:8)
  2 ufetubi
  3 worms
  2 dart slugs
  20 orcs
  5 bats
  8 endoplasms
  5 giant cockroaches
  9 goblins
  7 hobgoblins
  8 kobolds
  A quokka (D:3)
  3 ball pythons
  3 frilled lizards
  5 rats
178 creatures vanquished.

Vanquished Creatures (others)
  A plant (D:2)
1 creature vanquished.

Grand Total: 179 creatures vanquished

Notes
Turn   | Place    | Note
-------+----------+-------------------------------------------
     0 | D:1      | qw the Minotaur Berserker began the quest for the Orb.
     0 | D:1      | Reached XP level 1. HP: 19/19 MP: 0/0
     0 | D:1      | 0 ||| qw: Version: 0.1-a-116-g5d60599
     0 | D:1      | 0 ||| qw: Game counter: 7585
     0 | D:1      | 0 ||| qw: Always use a shield: true
     0 | D:1      | 0 ||| qw: Do Orc after D:15 true
     0 | D:1      | 0 ||| qw: Do second Lair branch before Depths: true
     0 | D:1      | 0 ||| qw: Lair rune preference: random
     0 | D:1      | 0 ||| qw: Plans: Normal
     0 | D:1      | 0 ||| PLANNING D:1-11
    76 | D:1      | Reached skill level 4 in Axes
   264 | D:1      | Reached XP level 2. HP: 26/26 MP: 1/1
   361 | D:1      | 361 ||| DROPPING +0 club.
   679 | D:1      | 679 ||| UPGRADING to +0 ring mail.
   689 | D:1      | 689 ||| DROPPING +0 animal skin.
   690 | D:1      | 690 ||| UPGRADING to +0 buckler.
   695 | D:1      | 695 ||| UPGRADING to amulet of guardian spirit.
   700 | D:1      | 700 ||| READING scroll labelled USSOEF LOXOURE.
   701 | D:1      | 701 ||| READING scroll labelled TUZOUJ MAKA.
   702 | D:1      | 702 ||| READING scroll labelled KAEGGA PINICW.
   703 | D:1      | 703 ||| READING scroll labelled HATIS SIEHE.
   734 | D:2      | Reached skill level 1 in Shields
   948 | D:2      | 948 ||| FLEEEEING.
   949 | D:2      | 949 ||| FLEEEEING.
   950 | D:2      | 950 ||| FLEEEEING.
   956 | D:2      | Reached XP level 3. HP: 28/31 MP: 2/2
  1071 | D:2      | Found a faded altar of an unknown god.
  1143 | D:2      | Reached skill level 5 in Axes
  1158 | D:2      | Found a runed translucent door.
  1159 | D:2      | Noticed Crazy Yiuf
  1437 | D:2      | 1437 ||| UPGRADING to +0 scale mail.
  1447 | D:2      | 1447 ||| DROPPING +0 ring mail.
  1448 | D:2      | 1448 ||| READING scroll labelled RACI KURORIHU.
  1487 | D:3      | 1487 ||| PLANNING SEWER
  1508 | D:3      | 1508 ||| Stepping ~*~*~tactically~*~*~ (stealth).
  1510 | D:3      | Reached ** piety under Trog
  1616 | D:3      | Found Urynadgh's Antique Weapon Emporium.
  1626 | D:3      | 1626 ||| BUYING flail (84 gold).
  1626 | D:3      | Bought a flail for 84 gold pieces
  1626 | D:3      | 1626 ||| DROPPING +0 whip.
  1746 | D:3      | 1746 ||| INVOKING Berserk.
  1896 | D:3      | 1896 ||| INVOKING Berserk.
  1900 | D:3      | Reached XP level 4. HP: 39/39 MP: 3/3
  2127 | D:3      | 2127 ||| READING scroll of enchant weapon.
  2127 | D:3      | 2127 ||| ENCHANTING +1 hand axe.
  2214 | D:3      | 2214 ||| RIP SEWER
  2262 | D:3      | 2262 ||| PLANNING D:1-11
  2322 | D:3      | Reached skill level 6 in Axes
  2420 | D:3      | 2420 ||| UPGRADING to +0 chain mail.
  2430 | D:3      | 2430 ||| DROPPING +0 scale mail.
  2431 | D:3      | 2431 ||| READING 3 scrolls labelled VOIGHU IRUGOSCH.
  2432 | D:3      | 2432 ||| READING 2 scrolls of brand weapon.
  2432 | D:3      | 2432 ||| BRANDING +2 hand axe of freezing.
  2433 | D:3      | 2433 ||| DROPPING +0 flail.
  2434 | D:3      | 2434 ||| READING scroll of brand weapon.
  2434 | D:3      | 2434 ||| BRANDING +2 hand axe of flaming.
  2482 | D:3      | 2482 ||| DROPPING +0 club.
  2483 | D:3      | 2483 ||| READING scroll labelled IBLUL HOS OFARIME.
  2484 | D:3      | 2484 ||| DRINKING 2 coppery potions.
  2485 | D:3      | 2485 ||| DRINKING 3 red potions.
  2556 | D:4      | 2556 ||| SWAPPING to +0 broad axe.
  2557 | D:4      | 2557 ||| DROPPING +2 hand axe of protection.
  2590 | D:4      | You fall into a shaft and drop 2 floors!
  2602 | D:6      | 2602 ||| INVOKING Berserk.
  2804 | D:6      | Noticed an ice beast
  2806 | D:6      | 2806 ||| INVOKING Berserk.
  2813 | D:6      | Killed an ice beast
  2814 | D:6      | Reached skill level 7 in Axes
  2814 | D:6      | Reached XP level 5. HP: 45/45 MP: 4/4
  2942 | D:6      | 2942 ||| READING 3 scrolls labelled UWYNAE AGAX.
  2946 | D:6      | 2946 ||| READING scroll labelled KAIKAI ZET SIUHI.
  3047 | D:6      | 3047 ||| DRINKING 2 blue potions.
  3166 | D:6      | Reached XP level 6. HP: 42/52 MP: 3/5
  3338 | D:6      | 3338 ||| READING scroll labelled BAEFYH UGOGU.
  3347 | D:5      | Entered Level 5 of the Dungeon
  3380 | D:4      | 3380 ||| Stepping ~*~*~tactically~*~*~ (stealth).
  3459 | D:4      | Noticed a water moccasin
  3468 | D:4      | 3468 ||| INVOKING Berserk.
  3470 | D:4      | Killed a water moccasin
  3471 | D:4      | Reached skill level 8 in Axes
  3471 | D:4      | HP: 18/78 [poisoned by a water moccasin]
  3474 | D:4      | HP: 8/52 [poisoned by a water moccasin]
  3475 | D:4      | 3475 ||| DRINKING 2 potions of curing.
  3475 | D:4      | 3475 ||| (to cure poison)
  3924 | D:4      | 3924 ||| Stepping ~*~*~tactically~*~*~ (hiding).
  3925 | D:4      | 3925 ||| Stepping ~*~*~tactically~*~*~ (hiding).
  4041 | D:4      | 4041 ||| INVOKING Berserk.
  4044 | D:4      | Reached skill level 9 in Axes
  4044 | D:4      | Reached XP level 7. HP: 59/59 MP: 6/6
  4157 | D:4      | 4157 ||| Stepping ~*~*~tactically~*~*~ (hiding).
  4158 | D:4      | 4158 ||| Stepping ~*~*~tactically~*~*~ (stealth).
  4163 | D:4      | Reached skill level 3 in Shields
  4430 | D:4      | Reached skill level 3 in Armour
  4514 | D:4      | 4514 ||| UPGRADING to +2 chain mail of poison resistance.
  4524 | D:4      | 4524 ||| DROPPING +0 chain mail.
  4525 | D:4      | 4525 ||| READING scroll labelled CYEB XEBUFOC.
  4526 | D:4      | 4526 ||| DRINKING 2 metallic blue potions.
  4678 | D:5      | 4678 ||| DROPPING +0 whip.
  4699 | D:5      | 4699 ||| INVOKING Berserk.
  4928 | D:5      | Reached skill level 10 in Axes
  4935 | D:5      | 4935 ||| INVOKING Berserk.
  4936 | D:5      | Reached skill level 1 in Throwing
  4937 | D:5      | Reached XP level 8. HP: 41/69 MP: 2/7
  5268 | D:5      | 5268 ||| DROPPING +1 mace of holy wrath.
  5296 | D:5      | 5296 ||| Stepping ~*~*~tactically~*~*~ (stealth).
  5297 | D:5      | 5297 ||| Stepping ~*~*~tactically~*~*~ (stealth).
  5299 | D:5      | 5299 ||| Stepping ~*~*~tactically~*~*~ (stealth).
  5300 | D:5      | 5300 ||| Stepping ~*~*~tactically~*~*~ (stealth).
  5307 | D:5      | 5307 ||| INVOKING Berserk.
  5483 | D:5      | Reached skill level 6 in Fighting
  5741 | D:5      | 5741 ||| READING scroll labelled WOXE YWUPSEZONOAS.
  5741 | D:5      | Identified a scroll of acquirement
  5741 | D:5      | 5741 ||| ACQUIRING +0 pair of gloves of Liberalism {rC+
                  | Stlth+}
  5741 | D:5      | Acquired the +0 pair of gloves of Liberalism {rC+ Stlth+}
  5743 | D:5      | 5743 ||| UPGRADING to +0 pair of gloves of Liberalism {rC+
                  | Stlth+}.
  5748 | D:5      | 5748 ||| DRINKING 2 fizzy dark potions.
  5749 | D:5      | 5749 ||| DROPPING potion of degeneration.
  6340 | D:6      | 6340 ||| READING scroll labelled EFAUL BEXKAMPY.
  6341 | D:6      | 6341 ||| READING scroll labelled FOECICUEPN.
  6392 | D:7      | Found a staircase to the Ecumenical Temple.
  6404 | D:7      | 6404 ||| STAIRDANCE
  6514 | D:7      | 6514 ||| INVOKING Berserk.
  6517 | D:7      | Reached skill level 11 in Axes
  6601 | D:7      | 6601 ||| Stepping ~*~*~tactically~*~*~ (stealth).
  6602 | D:7      | 6602 ||| Stepping ~*~*~tactically~*~*~ (stealth).
  6603 | D:7      | 6603 ||| Stepping ~*~*~tactically~*~*~ (stealth).
  6749 | D:7      | 6749 ||| INVOKING Berserk.
  7025 | D:7      | 7025 ||| INVOKING Berserk.
  7030 | D:7      | Reached skill level 12 in Axes
  7030 | D:7      | Reached XP level 9. HP: 45/75 MP: 3/8
  7049 | D:7      | 7049 ||| FLEEEEING.
  7050 | D:7      | 7050 ||| FLEEEEING.
  7051 | D:7      | 7051 ||| STAIRDANCE
  7257 | D:6      | 7257 ||| READING 2 scrolls of identify.
  7257 | D:6      | 7257 ||| IDENTIFYING bubbling cyan potion
  7258 | D:6      | 7258 ||| DROPPING potion of brilliance.
  7271 | D:7      | 7271 ||| Stepping ~*~*~tactically~*~*~ (hiding).
  7383 | D:8      | 7383 ||| INVOKING Berserk.
  7440 | D:8      | Reached *** piety under Trog
  7499 | D:8      | Noticed a manticore
  7503 | D:8      | 7503 ||| INVOKING Berserk.
  7506 | D:8      | Killed a manticore
  7510 | D:8      | Reached skill level 13 in Axes
  8126 | D:8      | Found a broken altar of Ashenzari.
  8260 | D:8      | 8260 ||| DROPPING amulet of magic regeneration.
  8261 | D:8      | 8261 ||| DRINKING 2 yellow potions.
  8262 | D:8      | 8262 ||| DRINKING 2 sapphire potions.
  8263 | D:8      | 8263 ||| READING 2 scrolls of identify.
  8263 | D:8      | 8263 ||| IDENTIFYING sedimented red potion
  8264 | D:8      | 8264 ||| DROPPING potion of lignification.
  8265 | D:8      | 8265 ||| DROPPING potion of attraction.
  8266 | D:8      | 8266 ||| DROPPING potion of magic.
  8275 | D:9      | 8275 ||| STAIRDANCE
  8326 | D:9      | 8326 ||| STAIRDANCE
  8343 | D:9      | 8343 ||| STAIRDANCE
  8374 | D:8      | 8374 ||| DROPPING +0 flail.
  8380 | D:9      | 8380 ||| INVOKING Berserk.
  8396 | D:9      | 8396 ||| STAIRDANCE
  8548 | D:9      | Noticed a kobold demonologist
  8558 | D:9      | Gained mutation: You are occasionally teleported next to
                  | monsters. [a neqoxec]
  8561 | D:9      | Noticed a hellwing
  8565 | D:9      | Noticed an ice devil
  8574 | D:9      | Noticed a rust devil
  8576 | D:9      | 8576 ||| INVOKING Berserk.
  8582 | D:9      | Noticed a sixfirhy
  8583 | D:9      | HP: 30/121 [ufetubus[a kobold demonologist] (2)]
  8585 | D:9      | Noticed an orange demon
  8586 | D:9      | Killed a kobold demonologist
  8588 | D:9      | HP: 28/121 [yak (3)]
  8594 | D:9      | 8594 ||| READING 3 scrolls of teleportation.
  8595 | D:9      | 8595 ||| DRINKING potion of heal wounds.
  8611 | D:9      | HP: 20/81 [yak (6)]
  8612 | D:9      | 8612 ||| READING 2 scrolls of teleportation.
  8790 | D:9      | 8790 ||| Stepping ~*~*~tactically~*~*~ (stealth).
  8793 | D:9      | 8793 ||| Stepping ~*~*~tactically~*~*~ (stealth).
  8935 | D:9      | Reached XP level 10. HP: 76/88 MP: 7/9
  8966 | D:9      | Reached skill level 14 in Axes
  9123 | D:9      | Found a transporter.
  9171 | D:9      | Noticed a two-headed ogre
  9172 | D:9      | Found a transporter.
  9227 | D:9      | Noticed a two-headed ogre
  9232 | D:9      | 9232 ||| INVOKING Berserk.
  9239 | D:9      | Killed a two-headed ogre
  9441 | D:9      | Identified the +1 ring mail of the Twelve Loving Beds {rF+
                  | rN+ Str-3 Dex+3}
  9456 | D:9      | 9456 ||| Stepping ~*~*~tactically~*~*~ (stealth).
  9459 | D:9      | 9459 ||| Stepping ~*~*~tactically~*~*~ (stealth).
  9471 | D:9      | 9471 ||| INVOKING Berserk.
  9478 | D:9      | Reached skill level 15 in Axes
  9653 | D:9      | Found a faded altar of an unknown god.
  9653 | D:9      | Found a glowing silver altar of Zin.
  9661 | D:9      | Found a faded altar of an unknown god.
  9663 | D:9      | Found a glowing golden altar of the Shining One.
  9665 | D:9      | Found a burning altar of Makhleb.
  9674 | D:9      | 9674 ||| UPGRADING to ring of see invisible.
  9675 | D:9      | 9675 ||| READING scroll labelled QAKAATAXIGH.
  9723 | D:10     | Entered Level 10 of the Dungeon
  9723 | D:10     | Noticed a gargoyle
  9730 | D:10     | 9730 ||| INVOKING Berserk.
  9733 | D:10     | Killed a gargoyle
  9734 | D:10     | Reached skill level 9 in Fighting
  9741 | D:10     | Reached skill level 6 in Armour
  9752 | D:10     | HP: 21/92 [yak (5)]
  9753 | D:10     | 9753 ||| READING scroll of teleportation.
  9754 | D:10     | HP: 5/92 [yak (11)]
  9754 | D:10     | Slain by a yak

Levels and vault maps discovered:
D:1:      lemuel_arrival_muddy, layout_loops_ring,
          chequers_serial_rivers_room_b, chequers_hall_statues_wall_a
D:2:      layout_rooms, shapermc_ecumenical_altar_acropolis, serial_bayou,
          serial_bayou_pond_a, serial_bayou_lagoon_a, serial_bayou_pond_b,
          serial_bayou_shore_a, serial_bayou_pond_d, serial_bayou_ford_a,
          uniq_crazy_yiuf_cottage
D:3:      layout_loops_ring, serial_shops, nicolae_shop_waterfront,
          portal_sewer_entry_d, minmay_misc_feat_chi
D:4:      layout_basic
D:5:      layout_cave_pods
D:6:      layout_loops_corners, chequers_serial_rivers_large_b,
          kennysheep_generic_room_15
D:7:      layout_rooms, minmay_temple_entry_overgrown
D:8:      layout_cave_pools, overflow_temple_1_default, serial_column_ruins,
          column_ruins_hut_ruined, column_ruins_grid_1, column_ruins_grid_1,
          column_ruins_open_tiny, column_ruins_open_tiny,
          column_ruins_columns_corner, enter_bailey_4
D:9:      gammafunk_beogh_shrine, layout_basic,
          chequers_temple_overflow_minitemple
D:10:     layout_rooms, nicolae_wu_jian_wuxing_cycle

Skill      XL: |  1  2  3  4  5  6  7  8  9 10 |
---------------+-------------------------------+-----
Axes           | 4 5 7 9 10 12 13 15 | 15.0
Shields        | 1 2 3 4 5 |  5.2
Fighting       | 4 5 6 8 9 |  9.6
Armour         | 3 4 5 6 |  6.0
Throwing       | 1 |  1.3
Dodging        | 4 |  4.9

Action                   |  1- 3 |  4- 6 |  7- 9 | 10-12 || total
-------------------------+-------+-------+-------+-------++-------
Melee: Hand axe          |    80 |     8 |       |       ||    88
       Headbutt          |    12 |     6 |    39 |     6 ||    63
       Broad axe         |       |    54 |   241 |    67 ||   362
Throw: Boomerang         |     1 |    30 |    82 |     8 ||   121
Invok: Berserk           |     2 |     4 |    10 |     3 ||    19
  Use: Scroll            |     5 |     8 |     8 |     2 ||    23
       Potion            |       |     4 |     5 |       ||     9
Armor: Animal skin       |     3 |       |       |       ||     3
       Ring mail         |     8 |       |       |       ||     8
       Scale mail        |    13 |     1 |       |       ||    14
       Chain mail        |       |    20 |   108 |    42 ||   170
Dodge: Dodged            |    28 |    14 |    94 |    39 ||   175
Block: Buckler           |     3 |    15 |    56 |    17 ||    91

Table legend:
 A = Non-vault XP
 B = Vault XP
 C = Vault XP percentage of total XP
 D = Non-vault monster count
 E = Vault monster count
 F = Vault count percentage of total count
                 A         B        C        D         E       F
            +---------+---------+-------+---------+---------+-------
      Total |    9758 |     114 |   1.2 |     168 |      10 |   5.6
            +---------+---------+-------+---------+---------+-------
        D:1 |      17 |       0 |   0.0 |      10 |       0 |   0.0
        D:2 |      36 |       6 |  14.3 |       8 |       3 |  27.3
        D:3 |      64 |      14 |  17.9 |      21 |       1 |   4.5
        D:4 |     615 |       0 |   0.0 |      23 |       0 |   0.0
        D:5 |     544 |       0 |   0.0 |      18 |       0 |   0.0
        D:6 |     450 |      83 |  15.6 |       9 |       1 |  10.0
        D:7 |    1124 |       0 |   0.0 |      23 |       0 |   0.0
        D:8 |    1608 |      11 |   0.7 |      24 |       5 |  17.2
        D:9 |    3755 |       0 |   0.0 |      17 |       0 |   0.0
       D:10 |    1545 |       0 |   0.0 |      15 |       0 |   0.0
            +---------+---------+-------+---------+---------+-------
